 Dungeon Crawl Stone Soup version 0.30.1-1-g62c8e00024 (webtiles) character file.

Game seed: 11310993129010853697

24 spardeous the Digger (level 2, 0/11 HPs)
             Began as a Felid Earth Elementalist on July 15, 2023.
             Constricted to death by Terence (3 damage)
             ... on level 2 of the Dungeon.
             The game lasted 00:01:14 (446 turns).

spardeous the Digger (Felid Earth Elementalist)      Turns: 446, Time: 00:01:15

Health: 0/11       AC:  1    Str:  4    XL:     2   Next: 79%
Magic:  4/6        EV: 15    Int: 16    God:
Gold:   15         SH:  0    Dex: 16    Spells: 4/5 levels left
                                        Lives:  0   Deaths: 0

rFire   . . .        (weapon unavailable)
rCold   . . .        (shield unavailable)
rNeg    . . .        (body armour unavailable)
rPois   .            (helmet unavailable)
rElec   .            (cloak unavailable)
rCorr   .            (gloves unavailable)
SInv    +            (boots unavailable)
Will    .....        (no amulet)
Stlth   ++           (no ring)
HPRegen 0.21/turn    (no ring)
MPRegen 0.10/turn

%: no passive effects
@: grasped by roots, constricted, quick
A: very small, claws 1, fangs 3, see invisible, speed 1, shaggy fur 1, stealthy
paws, no weapons or thrown items, no armour, multi-lived
a: no special abilities


You were on level 2 of the Dungeon.
You visited 1 branch of the dungeon, and saw 2 of its levels.

You collected 15 gold pieces.

Inventory:

Jewellery
 b - an amulet of magic regeneration
Scrolls
 c - a scroll of amnesia {unknown}
 f - a scroll of identify {unknown}
Potions
 a - a potion of magic
 d - a potion of degeneration {unknown}
 e - a potion of heal wounds {unknown}
 g - a potion of might {unknown}


   Skills:
 + Level 3.3 Dodging
 - Level 2.6 Stealth
 - Level 2.0 Spellcasting
 - Level 1.1 Transmutations
 * Level 3.4 Earth Magic


You had 4 spell levels left.
You knew the following spells:

 Your Spells              Type           Power      Damage    Failure   Level
a - Sandblast             Erth           24%        2d8       4%          1

Your spell library contained the following spells:

 Spells                   Type           Power      Damage    Failure   Level
 Passwall                 Tmut/Erth      6%         N/A       12%         2
 Stone Arrow              Conj/Erth      14%        3d7       30%         3
 Tukima's Dance           Hex            1%         N/A       52%         3
 Petrify                  Tmut/Erth      8%         N/A       63%         4
 Blade Hands              Tmut           2%         N/A       98%         5
 Portal Projectile        Hex/Tloc       Unusable   N/A       N/A         3

Dungeon Overview and Level Annotations

Branches:
Dungeon (2/15)

Altars:

Annotations:
D:2 Terence


Innate Abilities, Weirdness & Mutations

You have sharp claws.
You have razor-sharp teeth.
You have supernaturally acute eyesight. (SInv)
You cover ground quickly. (Speed+)
You are covered in fur. (AC +1)
Your paws help you pounce on unaware monsters.
You are incapable of wielding weapons or throwing items.
You cannot wear armour.
You gain extra lives every three experience levels.


Message History

Aim: a kobold, wielding a +0 dagger (77% to hit)
The blast of sand hits the kobold.
You kill the kobold!
Casting: Sandblast (safe; 4% risk of failure)
Confirm with . or Enter, or press ? or * to list all spells.
You don't know that spell.
You climb upwards.
There is a stone staircase leading down here.
You start resting.
Magic restored.
Press: ? - help, v - describe, . - travel A stone staircase leading down.
You climb downwards.
Level annotation: Terence
There is a stone staircase leading up here.
Casting: Sandblast (safe; 4% risk of failure)
Confirm with . or Enter, or press ? or * to list all spells.
Okay, then.
There is a stone staircase leading up here.
Things that are here:
a +0 dagger; a kobold corpse
Casting: Sandblast (safe; 4% risk of failure)
Confirm with . or Enter, or press ? or * to list all spells.
Aiming: Sandblast (safe; 4% risk of failure)
Press: ? - help, Shift-Dir - straight line, f - Terence
Aim: Terence, wielding a +1 short sword of venom, wearing a +0 scale mail and carrying a wand of roots (1) (84% to hit)
The blast of sand hits Terence but does no damage.
Casting: Sandblast (safe; 4% risk of failure)
Confirm with . or Enter, or press ? or * to list all spells.
Aiming: Sandblast (safe; 4% risk of failure)
Press: ? - help, Shift-Dir - straight line, f/p - Terence
Aim: Terence, wielding a +1 short sword of venom, wearing a +0 scale mail and carrying a wand of roots (1) (84% to hit)
The blast of sand hits Terence but does no damage.
Terence zaps a wand.
The roots erupt in riotous growth!
The grasping roots grab you!
The now-empty wand crumbles to dust.
The grasping roots constrict you. x2
* * * LOW HITPOINT WARNING * * *
The roots grasp on you weakens, but your attempt to escape fails.
Terence closely misses you. The grasping roots constrict you.
You die...

..# #.# #.# #+####### #.#
#.# ........# #.# #.# ♣.♣
........# #.# #.# #.#
........###'###.# ♣.♣
.....)...<....#.# #.#
........##@...#.# ♣.♣#####
.........@....#.# #.....(#
.........#....#.# ♣.♣....#
...............>###......#
.........................+
.........####.###........#
......<..# #.#####......#
#.#......# #...###..#####
#.#......######..###.###


You could see Terence.

Vanquished Creatures
  An adder (D:2)
  An endoplasm (D:1)
  A goblin (D:2)
  5 jackals
  A quokka (D:2)
  2 ball pythons (D:1)
  A frilled lizard (D:1)
  2 kobolds (D:2)
  A rat (D:1)
15 creatures vanquished.

Notes
Turn   | Place    | Note
-------+----------+-------------------------------------------
     0 | D:1      | spardeous the Felid Earth Elementalist began the quest for
                  | the Orb.
     0 | D:1      | Reached XP level 1. HP: 7/7 MP: 4/4
   161 | D:1      | Found a faded altar of an unknown god.
   219 | D:2      | Reached XP level 2. HP: 11/11 MP: 4/6
   356 | D:2      | Noticed Terence
   446 | D:2      | Constricted to death by Terence

Illustrated notes

Levels and vault maps discovered:
D:1:      psy_arrival_fountain, layout_rooms, basic_ecumenical_altar,
          kennysheep_nondescript, glass_columns_a
D:2:      layout_basic, serial_forest, infiniplex_forest_corner_1,
          infiniplex_forest_lined_2, infiniplex_forest_lined_ring,
          infiniplex_forest_clump_double, infiniplex_forest_straight_2,
          uniq_terence

Skill      XL: |  1 |
---------------+----+-----
Dodging        | 3 |  3.3
Earth Magic    | 3 |  3.4
Stealth        | |  2.6
Spellcasting   | |  2.0
Transmutations | |  1.1

Action                     || total
---------------------------++-------
   Cast: Sandblast         ||    23
  Dodge: Dodged            ||    22
